 Dungeon Crawl Stone Soup version 0.23.2 (webtiles) character file.

Game seed: 12177622446282003849

12712 Borgoz the Slicer (level 12, 0/73 HPs)
             Began as a Kobold Berserker on Apr 9, 2019.
             Was a High Priest of Trog.
             Slain by a manticore (10 damage)
             ... on level 12 of the Dungeon.
             The game lasted 00:34:13 (14534 turns).

Borgoz the Slicer (Kobold Berserker)               Turns: 14534, Time: 00:34:15

Health: 0/73       AC: 14    Str: 19    XL:     12   Next: 23%
Magic:  17/17      EV: 20    Int:  8    God:    Trog [*****.]
Gold:   786        SH:  0    Dex: 15    Spells: 11/11 levels left

rFire    + . .     SeeInvis .   G - +5 pair of quick blades "Gyre" and "Gimble" {pierce, Dex-3}
rCold    . . .     Gourm    .   (shield currently unavailable)
rNeg     . . .     Faith    .   p - +2 ring mail
rPois    .         Spirit   .   (no helmet)
rElec    .         Reflect  .   (no cloak)
rCorr    .         Harm     .   C - +2 pair of gloves {Str+3}
MR       ++...                  i - +1 pair of boots
Stlth    ++++......             k - amulet of rage
HPRegen  1.22/turn              D - ring of protection from fire
MPRegen  0.15/turn              (no ring)

@: lethally poisoned (0 -> 0), berserk cooldown, regenerating, slowed,
invisible, very slow
A: small, carnivore
a: Berserk, Trog's Hand, Brothers in Arms, Renounce Religion, Evoke Berserk Rage


You were on level 12 of the Dungeon.
You worshipped Trog.
Trog was extremely pleased with you.
You were very full.

You visited 2 branches of the dungeon, and saw 14 of its levels.
You also visited: Ossuary and Bailey.

You collected 841 gold pieces.
You spent 55 gold pieces at shops.

Inventory:

Hand Weapons
 g - a +1 rapier
 m - a +0 rapier
 s - a +6 rapier of protection
 G - the +5 pair of quick blades "Gyre" and "Gimble" (weapon) {pierce, Dex-3}
   (You acquired it on level 9 of the Dungeon)

   It inflicts extra damage upon your enemies.
   It affects your dexterity (-3).
 L - a +5 quick blade
Missiles
 x - a throwing net
 A - 37 tomahawks of returning (quivered)
Armour
 i - a +1 pair of boots (worn)
 p - a +2 ring mail (worn)
 C - a +2 pair of gloves of strength (worn)
Jewellery
 d - an uncursed ring of ice
 k - an amulet of rage (around neck)
 o - an uncursed amulet of magic regeneration
 D - a ring of protection from fire (left hand)
 H - an uncursed ring of fire
Wands
 b - a wand of flame (51)
 f - a wand of digging (3)
 l - a wand of polymorph (10)
 t - a wand of enslavement (7)
 y - a wand of acid (3)
 z - a wand of random effects (54)
Scrolls
 e - 5 scrolls of teleportation
 h - 2 scrolls of fear
 j - 4 scrolls of magic mapping
 r - 5 scrolls of remove curse
 I - a scroll of identify
 K - a scroll of fog {unknown}
Potions
 a - a potion of heal wounds
 n - a potion of flight
 q - 3 potions of resistance
 u - a potion of ambrosia
 v - 4 potions of curing
 w - 2 potions of mutation
 B - a potion of magic
 E - a potion of brilliance
 F - 2 potions of haste
 M - a potion of might {unknown}
Comestibles
 c - 27 rations


   Skills:
 + Level 8.1 Fighting
 + Level 11.2 Short Blades
 * Level 8.2 Armour
 + Level 9.9 Dodging
 + Level 9.6 Stealth
 + Level 7.7 Evocations


You had 11 spell levels left.
You didn't know any spells.
Your spell library was empty.

Dungeon Overview and Level Annotations

Branches:
Dungeon (13/15)            Temple (1/1) D:7            Lair (0/6) D:8
    Orc (0/2) D:10
 Vaults: D:13-14

Altars:
Ashenzari
Cheibriados
Dithmenos
Elyvilon
Fedhas
Gozag
Hepliaklqana
Kikubaaqudgha
Makhleb
Nemelex Xobeh
Okawaru
Qazlal
Ru
Sif Muna
Trog
Uskayaw
Vehumet
Wu Jian
Xom
Yredelemnul
Zin
The Shining One

Shops:
D:5 *   D:7 =   D:9 ?

Annotations:
D:3 1 transporter


Innate Abilities, Weirdness & Mutations

You are small and have problems with some larger weapons.
You are carnivorous and can eat meat at any time.


Message History

You are no longer berserk.
You are exhausted.
You feel yourself slow down.
You feel sick. The manticore bites you!
* * * LOW HITPOINT WARNING * * *
The manticore closely misses you. x2
Unknown command.
You feel much better.
You feel sick.
The skeletal warrior hits you with a +0 mace!!
* * * LOW HITPOINT WARNING * * *
The manticore bites you.
* * * LOW HITPOINT WARNING * * *
The manticore closely misses you. The manticore completely misses you.
You fade into invisibility!
You feel sick.
The skeletal warrior hits you with a +0 mace.
* * * LOW HITPOINT WARNING * * *
The manticore barely misses you. The manticore closely misses you.
The manticore completely misses you. The manticore closely misses you.
The manticore claws you!
You die...

#..# #..# .# ...##..# ?#
#..##..# .#
......##..##..# .# #
......##..##..# .###.##
......##..##))###.......
......##..##)).)H.......
......##..##().)@..##.
......##..$((..#z..#
†..........#...#J..#
...........#...#...#
.).....##..#...#...#
.......##..#(..#...#
..##...##..#...#...#
).##...##..#...#....
.)##...##..#...#


You could see a skeletal warrior, a slime creature and a manticore.

Vanquished Creatures
  An orc warlord (Bailey)
  Harold (D:8)
  2 skeletal warriors (D:12)
  Pikel (D:5)
  A deep elf mage (D:13)
  A cyclops (D:9)
  A centaur skeleton (D:10)
  A kobold demonologist (D:10)
  6 hippogriffs
  3 wraiths
  A human (D:7)
  Eustachio (D:5)
  A wyvern (D:9)
  4 hogs (D:7)
  A hungry ghost (D:11)
  Menkaure (D:5)
  Edmund (D:5)
  4 ice beasts
  4 slaves (D:5)
  3 orc warriors
  3 phantoms
  3 necrophages (D:7)
  2 ogres
  5 centaurs
  A crocodile (D:12)
  2 big kobolds
  5 bullfrogs
  A wyvern zombie (D:6)
  4 scorpions
  9 killer bees (D:9)
  6 wights
  6 crimson imps
  2 quasits
  3 jellies
  3 bullfrog zombies
  7 orc priests
  3 hounds
  3 human zombies (D:7)
  A human skeleton (D:7)
  3 iguanas
  10 orc wizards
  10 worker ants
  A hound zombie (D:4)
  3 hound skeletons
  9 mummies
  2 worker ant zombies
  9 adders
  9 gnolls
  2 shadow imps
  3 oozes
  3 adder zombies
  3 worms
  2 dart slugs
  A leopard gecko (D:3)
  40 orcs
  8 giant cockroaches
  2 gnoll zombies (Ossuary)
  7 goblins
  7 hobgoblins
  6 jackals
  4 quokkas
  A ball python (D:2)
  9 bats
  6 frilled lizards
  A giant cockroach zombie (D:6)
  A hobgoblin zombie (Ossuary)
  24 kobolds
  2 kobold zombies (Ossuary)
  A leopard gecko skeleton (D:8)
  3 orc zombies (Ossuary)
  A quokka skeleton (D:4)
  A quokka zombie (D:5)
  12 rats
314 creatures vanquished.

Notes
Turn   | Place    | Note
-------+----------+-------------------------------------------
     0 | D:1      | Borgoz the Kobold Berserker began the quest for the Orb.
     0 | D:1      | Reached XP level 1. HP: 14/14 MP: 1/1
    91 | D:1      | Reached XP level 2. HP: 15/19 MP: 2/2
   381 | D:1      | Reached skill level 1 in Stealth
   995 | D:2      | Reached XP level 3. HP: 23/23 MP: 3/3
  1144 | D:2      | HP: 1/23 [poisoned by an adder]
  1502 | D:2      | Reached XP level 4. HP: 28/28 MP: 4/4
  2014 | D:2      | Reached ** piety under Trog
  2368 | D:2      | Reached skill level 5 in Short Blades
  2603 | D:3      | Found a transporter.
  2603 | D:3      | Noticed a kobold demonologist
  2653 | D:3      | Reached XP level 5. HP: 33/33 MP: 5/5
  3324 | D:3      | Found a transporter.
  3587 | D:4      | Found a snail-covered altar of Cheibriados.
  3624 | D:4      | Noticed a phantom
  3637 | D:4      | Killed a phantom
  3637 | D:4      | Reached skill level 1 in Evocations
  3637 | D:4      | Reached XP level 6. HP: 38/38 MP: 6/6
  3989 | D:4      | Reached XP level 7. HP: 20/43 MP: 8/8
  4004 | D:4      | Reached skill level 6 in Short Blades
  4511 | D:5      | Entered Level 5 of the Dungeon
  4537 | D:5      | Noticed Edmund
  4554 | D:5      | Killed Edmund
  4554 | D:5      | Reached skill level 5 in Dodging
  4589 | D:5      | Noticed Pikel
  4638 | D:5      | Killed Pikel
  4638 | D:5      | Reached skill level 7 in Short Blades
  4638 | D:5      | Reached XP level 8. HP: 8/48 MP: 8/10
  5210 | D:5      | HP: 2/48 [orc/+0 quarterstaff (4)]
  5274 | D:5      | Found Beomeris's General Store.
  5434 | D:5      | Reached *** piety under Trog
  5557 | D:5      | Reached skill level 5 in Fighting
  5962 | D:5      | Reached XP level 9. HP: 29/54 MP: 11/11
  6146 | D:5      | Noticed Menkaure
  6219 | D:6      | Found a sand-covered staircase.
  6229 | Ossuary  | Entered an ossuary
  6292 | Ossuary  | Reached skill level 8 in Short Blades
  6762 | D:6      | Reached skill level 5 in Stealth
  7721 | D:6      | Reached skill level 5 in Armour
  7754 | D:6      | Reached **** piety under Trog
  8360 | D:5      | Noticed Eustachio
  8377 | D:5      | Killed Menkaure
  8902 | D:5      | Killed Eustachio
  8902 | D:5      | Reached skill level 9 in Short Blades
  8917 | D:5      | Reached XP level 10. HP: 52/60 MP: 13/13
  9341 | D:7      | Found an ancient bone altar of Kikubaaqudgha.
  9717 | D:7      | Reached skill level 5 in Evocations
  9912 | D:7      | Found an ancient bone altar of Kikubaaqudgha.
  9932 | D:7      | Found Rirchoa's Jewellery Boutique.
 10330 | D:7      | Found a staircase to the Ecumenical Temple.
 10344 | D:7      | Reached ***** piety under Trog
 10349 | Temple   | Entered the Ecumenical Temple
 11345 | D:8      | Found a flagged portal.
 11407 | D:8      | Found a staircase to the Lair.
 11487 | Bailey   | Entered a bailey
 11492 | Bailey   | Noticed an orc warlord
 11724 | Bailey   | Found a runed translucent gate.
 11760 | Bailey   | Found a runed translucent gate.
 11761 | Bailey   | Found a runed translucent gate.
 11854 | Bailey   | Received a gift from Trog
 11880 | Bailey   | Killed an orc warlord
 11880 | Bailey   | Reached skill level 10 in Short Blades
 11880 | Bailey   | Reached XP level 11. HP: 57/67 MP: 15/15
 12542 | D:8      | Noticed Harold
 12625 | D:8      | Killed Harold
 12924 | D:9      | Found a stormy altar of Qazlal.
 13076 | D:9      | Noticed a cyclops
 13083 | D:9      | Killed a cyclops
 13476 | D:9      | Found Huzicliv's Magic Scroll Boutique.
 13484 | D:9      | Bought a scroll of identify for 22 gold pieces
 13484 | D:9      | Bought a scroll of teleportation for 33 gold pieces
 13484 | D:9      | Identified 2 scrolls of acquirement
 13497 | D:9      | Found the +5 pair of quick blades "Gyre" and "Gimble"
                  | {pierce, Dex-3}
 13632 | D:10     | Entered Level 10 of the Dungeon
 13840 | D:10     | Found a staircase to the Orcish Mines.
 14370 | D:11     | Received a gift from Trog
 14372 | D:11     | You fall through a shaft for 2 floors!
 14379 | D:13     | Noticed a deep elf mage
 14384 | D:13     | Killed a deep elf mage
 14384 | D:13     | Reached skill level 11 in Short Blades
 14384 | D:13     | Reached XP level 12. HP: 73/73 MP: 17/17
 14502 | D:12     | Noticed a skeletal warrior
 14502 | D:12     | Noticed a skeletal warrior
 14511 | D:12     | Noticed a skeletal warrior
 14523 | D:12     | Killed a skeletal warrior
 14528 | D:12     | Killed a skeletal warrior
 14534 | D:12     | Slain by a manticore

Skill      XL: |  1  2  3  4  5  6  7  8  9 10 11 12 |
---------------+-------------------------------------+-----
Stealth        | 1 2 4 6 8 9 |  9.6
Dodging        | 3 4 5 6 7 8 9 |  9.9
Armour         | 2 3 4 5 6 7 8 |  8.2
Short Blades   | 5 7 9 10 11 | 11.2
Evocations     | 1 2 3 4 6 7 |  7.7
Fighting       | 4 5 7 8 |  8.1

Action                   |  1- 3 |  4- 6 |  7- 9 | 10-12 || total
-------------------------+-------+-------+-------+-------++-------
Melee: Short sword       |    99 |   178 |       |       ||   277
       Rapier            |       |    57 |   538 |   465 ||  1060
       Pair of quick bla |       |       |       |   129 ||   129
Invok: Berserk           |     1 |     3 |     9 |    10 ||    23
       Trog's Hand       |       |     1 |     4 |     1 ||     6
 Abil: Evoke Berserk Rag |       |     3 |     1 |     1 ||     5
Evoke: Wand              |       |       |     4 |     5 ||     9
  Use: Potion            |     2 |       |    10 |     4 ||    16
       Scroll            |       |     6 |    12 |    13 ||    31
 Stab: Sleeping          |     4 |     5 |     3 |    16 ||    28
       Invisible         |       |       |     5 |       ||     5
       Distracted        |       |       |     1 |     1 ||     2
  Eat: Chunk             |    11 |    15 |    26 |    26 ||    78
       Ration            |       |       |     1 |       ||     1
Armor: Animal skin       |    14 |    14 |       |       ||    28
       Ring mail         |       |    10 |   111 |   113 ||   234
       Skin              |       |       |     6 |       ||     6
Dodge: Dodged            |    90 |   167 |   515 |   499 ||  1271
